AoeStats
← 一条固执的鱼

Nomad

509906991Analyzed
4v4 RM · 3d ago on Sep 28, 2026· 42m 23s· 8 players
Game mode
Random Map
Map size
231×231
Population
200
Speed
Normal
Resources
Standard
Victory
Conquest
Starting age
Dark Age
Ending age
Imperial Age
RankedLock teamsTeams togetherTeam positionsShared explorationLock speedFull tech treeHidden civsTurbo modeCheats
Victory
Defeat
🇨🇳 Japanese · China
1318
+15
🇨🇳 Koreans · China
1313
+15
🇨🇳 Franks · China
1299
+15
🇨🇳 Goths · China
1289
+16
🇵🇱 Malians · Poland
1308
-16
🇨🇳 Varangians · China
1301
-16
🇺🇸 Bengalis · United States
1277
-15
🇩🇪 Persians · Germany
1251
-14
Draginosaur
3:45 Loom
13:36 Feudal Age
18:12 Castle Age
17:29 Fletching
18:42 Double-Bit Axe
19:12 Bodkin Arrow
20:06 Medium Warships
21:26 Wheelbarrow
29:48 Bow Saw
29:32 Horse Collar
31:50 Ballistics
33:13 Hand Cart
34:03 Padded Archer Armor
36:27 Leather Archer Armor
GoodFunHaveLuck
6:38 Loom
15:17 Feudal Age
19:20 Castle Age
Demshredz
3:07 Loom
15:30 Feudal Age
16:32 Double-Bit Axe
16:38 Horse Collar
20:21 Castle Age
18:10 Fishing Lines
19:25 Wheelbarrow
18:36 Town Watch
20:13 Bloodlines
2987052186
3:47 Loom
13:58 Feudal Age
20:13 Castle Age
27:03 Forging
29:23 Fletching
31:23 Scale Barding Armor
一条固执的鱼
5:28 Loom
13:46 Feudal Age
18:23 Castle Age
16:46 Horse Collar
16:54 Double-Bit Axe
20:42 Bow Saw
24:12 Wheelbarrow
26:20 Scale Mail Armor
28:17 Chain Mail Armor
28:18 Heavy Plow
29:20 Gold Mining
29:20 Stone Mining
30:09 Forging
34:27 Imperial Age
32:14 Hand Cart
33:30 Iron Casting
33:02 Arson
33:17 Squires
36:31 Two-Man Saw
35:14 Elite Samurai
35:52 Town Watch
37:06 Plate Mail Armor
37:37 Blast Furnace
42:19 Gold Shaft Mining
42:34 Kataparuto
42:15 Yasama
42:36 Conscription
42:53 Hoardings
沉着 冷静
4:30 Loom
14:26 Feudal Age
18:30 Castle Age
16:35 Town Watch
19:15 Double-Bit Axe
19:27 Horse Collar
20:32 Fletching
21:24 Bow Saw
21:23 Bodkin Arrow
21:39 Gold Mining
27:10 Wheelbarrow
27:20 Ballistics
32:25 Imperial Age
32:31 Gold Shaft Mining
32:01 Heavy Plow
32:50 Hand Cart
33:38 Husbandry
33:53 Bracer
35:27 Chemistry
34:33 Elite War Wagon
36:02 Town Patrol
37:08 Two-Man Saw
36:01 Stone Mining
36:48 Conscription
38:20 Eupseong
38:44 Thumb Ring
39:21 Treadmill Crane
40:09 Medium Warships
41:33 Heavy Warships
809591945
4:43 Loom
13:19 Feudal Age
15:11 Town Watch
15:49 Bloodlines
16:16 Scale Barding Armor
17:33 Forging
22:32 Castle Age
20:29 Double-Bit Axe
20:25 Horse Collar
24:13 Wheelbarrow
23:32 Fishing Lines
30:36 Imperial Age
29:24 Bow Saw
29:17 Heavy Plow
30:24 Gold Mining
30:25 Stone Mining
33:25 Elite Huskarl
34:50 Anarchy
36:26 Two-Man Saw
36:43 Crop Rotation
36:35 Squires
36:58 Conscription
36:39 Perfusion
36:43 Scale Mail Armor
36:40 Fletching
37:53 Chain Mail Armor
38:13 Iron Casting
小帮手绝活哥
14:39 Feudal Age
13:44 Loom
21:46 Wheelbarrow
20:57 Town Watch
23:36 Scale Barding Armor
23:42 Forging
24:44 Gold Mining
29:16 Castle Age
28:59 Stone Mining
29:00 Double-Bit Axe
30:37 Chain Barding Armor
31:17 Gold Shaft Mining
30:55 Bow Saw
31:20 Hand Cart
32:35 Husbandry
34:21 Iron Casting
35:32 Town Patrol
42:16 Imperial Age
Connection lost

Rejoining the realm…

Still unreachable

The connection could not be restored.

Session expired

The server has moved on; the page needs a fresh start.